 Dungeon Sprint DCSS version 0.27-a0-394-g49c82dfaf2 (webtiles) character file.

Game seed: 12288521813112182376

175776 mhtbhm the Conqueror (level 17, -5/177 HPs)
             Began as a Minotaur Fighter on Feb 20, 2021.
             Was a High Priest of Trog.
             Killed from afar by Jory (52 damage)
             ... with a crystal spear
             ... in the Dungeon (Sprint VII: "The Pits").
             The game lasted 00:23:44 (9661 turns).

mhtbhm the Conqueror (Minotaur Fighter)             Turns: 9661, Time: 00:23:45

Health: -5/177     AC: 35    Str: 27    XL:     17   Next: 48%
Magic:  1/16       EV: 31    Int:  7    God:    Trog [*****.]
Gold:   41         SH: 28    Dex: 18    Spells: 16/16 levels left

rFire    + . .     SeeInvis .   a - +9 broad axe of Dividends {vorpal, Int+2 Dex+4}
rCold    . . .     Faith    .   c - +0 tower shield
rNeg     . . .     Spirit   .   b - +9 swamp dragon scales
rPois    +         Reflect  .   (helmet restricted)
rElec    .         Harm     .   D - +1 cloak {rCorr}
rCorr    +         Rampage  .   G - +4 pair of gloves
Will     +++..     Rnd*Rage +   (no boots) Stlth +++++.....NoTele +
                                v - amulet of the acrobat
HPRegen  1.39/turn              m - +3 ring of dexterity
MPRegen  0.15/turn              w - ring of protection from fire

@: mighty, berserk cooldown, regenerating, slowed, very slow
A: retaliatory headbutt, horns 2, rugged brown scales 1, berserk 1, frail 1
a: Renounce Religion, Berserk, Trog's Hand, Brothers in Arms


You were in the Dungeon.
You worshipped Trog.
Trog was extremely pleased with you.
You visited 1 branch You collected 41 gold pieces.

Inventory:

Hand Weapons
 a - the +9 broad axe of Dividends (weapon) {vorpal, Int+2 Dex+4}
   (Trog gifted it to you in the Dungeon)

   It inflicts extra damage upon your enemies.
   It affects your intelligence (+2).
   It affects your dexterity (+4).
 o - a +2 trishula of holy wrath
 p - a +6 hand axe of flaming
 C - a +2 broad axe of flaming
 E - a +1 scimitar of holy wrath
Missiles
 q - 4 curare-tipped darts (quivered)
 F - 20 silver javelins
Armour
 b - +9 swamp dragon scales (worn)
 c - a +0 tower shield (worn)
 n - a +2 scale mail of cold resistance
 D - a +1 cloak of preservation (worn)
 G - a +4 pair of gloves (worn)
Jewellery
 m - a +3 ring of dexterity (left hand)
 v - an amulet of the acrobat (around neck)
 w - a ring of protection from fire (right hand)
 A - the ring of Royalty {+Fly rC- Will+ Slay+3}
   (You found it in the Dungeon)

   [ring of willpower]

   It affects your accuracy and damage with ranged weapons and melee attacks
   (+3).
   It makes you vulnerable to cold.
   It affects your willpower, your defense against some magical effects.
   It lets you fly.
Wands
 x - a wand of random effects (12)
Scrolls
 j - a scroll of blinking
 l - a scroll of summoning
 r - 10 scrolls of enchant armour
 s - a scroll of identify
Potions
 e - 9 potions of curing
 f - 6 potions of heal wounds
 g - 3 potions of haste
 h - 4 potions of magic
 i - 3 potions of berserk rage
 k - a potion of invisibility
 t - 2 potions of mutation
 u - a potion of resistance
 z - a potion of experience
Miscellaneous
 y - a phial of floods
 B - a lightning rod (4/4)


   Skills:
 O Level 27 Fighting
 O Level 27 Axes
 O Level 27 Armour
 + Level 24.4 Dodging
 - Level 15.1 Stealth
 O Level 27 Shields


You had 16 spell levels left.
You didn't know any spells.
Your spell library was empty.

Dungeon Overview and Level Annotations

Branches:
Dungeon (1/1)

Altars:
Ashenzari
Cheibriados
Dithmenos
Elyvilon
Fedhas
Gozag
Hepliaklqana
Kikubaaqudgha
Makhleb
Nemelex Xobeh
Okawaru
Qazlal
Ru
Sif Muna
Trog
Uskayaw
Vehumet
Wu Jian
Xom
Yredelemnul
Zin
The Shining One
Beogh
Jiyva
Lugonu

Annotations:
D Jory


Innate Abilities, Weirdness & Mutations

You reflexively headbutt those who attack you in melee.
You have a pair of horns on your head.
You are partially covered in rugged brown scales. (AC +1, +3% HP)
You tend to lose your temper in combat.
You are frail. (-10% HP)


Message History

You block Jory's attack.
You feel very mighty all of a sudden. The golden dragon breathes fire at you.
The bolt of fire misses you. You block Jory's attack.
Jory bites you but does no damage.
You block the golden dragon's attack. x2
The golden dragon completely misses you.
The floating eye turns its gaze towards you.
Unknown command.
You slice Jory!!
Jory is severely damaged.
You slice the shining eye!! You slash the eye of draining!
You slice the golden dragon!!
You kill the golden dragon!
Trog accepts your kill. The floating eye's view fixates on you.
Jory is infused with unholy energy.
Jory draws life force from you and is healed!
The eye of draining gazes at you.
You feel your power leaking away.
Your life force feels restored.
Your Dodging skill increases to level 24!
You slice Jory!!
Jory is almost destroyed.
You slash the shining eye!
You kill the shining eye!
You slice the eye of draining!!
Zobu gestures.
Jory is infused with unholy energy.
* * * LOW HITPOINT WARNING * * *
Jory draws life force from you and is healed!
You hit Jory but do no damage. You headbutt Jory, but do no damage.
Jory is severely damaged.
You slash the eye of draining!
You kill the eye of draining!
You block Jory's attack. Jory barely misses you. You block Zobu's attack.
You barely miss Jory.
Jory is severely damaged.
You slice Zobu!! You block Zobu's attack.
The golden eye blinks!
Jory points at you and mumbles some strange words.
The crystal spear hits you!!!
You die...

###### ### ### ###
#.##.###.###.###.##
#'#...))..'...'[.)'
##GG#.'##.'##.###.)#
#G..###.###.###.###.
##ยง#'#### ###...'..
#&##.# ##.##).
##@### #'#.## #.V.+
##.###. #+.+#
#...'.. ### #'.##'.
#[# ### ###.###.#'
###.###.###.###.###.
#[[.['..)'...'...'..
##')##'.##'.##'.##'.
#.#)#.###)###.###[##


You could see Jory, Zobu and 2 eyes of draining.

Vanquished Creatures
  Ignacio (D)
  An ancient lich (D)
  2 orbs of fire (D)
  Mennas (D)
  A royal mummy (D)
  the Lernaean hydra (D)
  Xtahua (D)
  A golden dragon (D)
  A profane servitor (D)
  2 pearl dragons (D)
  3 Brimstone Fiends (D)
  2 Tzitzimimeh (D)
  4 Hell Sentinels (D)
  2 Ice Fiends (D)
  A tentacled monstrosity (D)
  4 electric golems (D)
  A deep elf master archer (D)
  2 quicksilver dragons (D)
  2 acid blobs (D)
  Polyphemus (D)
  Kirke (D)
  Frances (D)
  4 pandemonium lords (D)
  A storm dragon (D)
  3 fire giants (D)
  2 emperor scorpions (D)
  2 orc warlords (D)
  A balrug (D)
  A draconian annihilator (D)
  A draconian shifter (D)
  A deep elf annihilator (D)
  2 red draconians (D)
  2 merfolk javelineers (D)
  2 death oozes (D)
  A deep elf high priest (D)
  A green death (D)
  A fire dragon (D)
  A great orb of eyes (D)
  An ice dragon (D)
  A spriggan air mage (D)
  2 alligator snapping turtles (D)
  A naga warrior (D)
  A merfolk aquamancer (D)
  A centaur warrior (D)
  A dancing weapon (D)
  An orc high priest (D)
  A large abomination (D)
  Sonja (D)
  A death yak (D)
  A sun demon (D)
  2 deep elf knights (D)
  2 shadow wraiths (D)
  4 skeletal warriors (D)
  A fire crab (D)
  A bog body (D)
  A sea snake (D)
  A flayed ghost (D)
  A phantasmal warrior (D)
  3 swamp dragons (D)
  8 orc knights (D)
  A naga mage (D)
  A merfolk siren (D)
  2 eyes of devastation (D)
  2 kobold demonologists (D)
  A hellion (D)
  A cane toad (D)
  A gargoyle (D)
  2 yaktaurs (D)
  A komodo dragon (D)
  A troll (D)
  An ice devil (D)
  2 guardian mummies (D)
  2 polar bears (D)
  A merfolk (D)
  7 blink frogs (D)
  A spriggan (D)
  2 redbacks (D)
  A tarantella (D)
  2 ynoxinuls (D)
  A wyvern (D)
  Eustachio (D)
  3 steam dragons (D)
  A warg (D)
  2 nagas (D)
  An acid dragon (D)
  2 floating eyes (D)
  A water moccasin (D)
  3 orc warriors (D)
  Purgy (D)
  An ice beast (D)
  7 wolves (D)
  Blork the orc (D)
  A kobold brigand (D)
  A small abomination (D)
  A quasit (D)
  10 orc priests (D)
  2 iron imps (D)
  A worker ant (D)
  A gnoll (D)
  A river rat (D)
  An ooze (D)
  4 adder skeletons (D)
  15 orcs (D)
  4 ball pythons (D)
  A bat skeleton (D)
  2 goblins (D)
  4 jackals (D)
  A quokka (D)
  2 bats (D)
  A bat simulacrum (D)
  A frilled lizard (D)
  6 kobolds (D)
  A leopard gecko skeleton (D)
  A rat (D)
218 creatures vanquished.

Vanquished Creatures (collateral kills)
  A pandemonium lord (D)
  A storm dragon (D)
  Ilsuiw (D)
  A mummy priest (D)
  2 yaktaur captains (D)
  A naga warrior (D)
  A death knight (D)
  A deep elf knight (D)
  An orc knight (D)
  A necromancer (D)
  3 yaktaurs (D)
  A demonic crawler (D)
  A merfolk (D)
  3 water elementals (D)
  A swamp drake (D)
20 creatures vanquished.

Vanquished Creatures (others)
  A vault guard (D)
  A naga warrior (D)
  A tyrant leech (D)
  A human (D)
  A leopard gecko skeleton (D)
5 creatures vanquished.

Grand Total: 243 creatures vanquished

Notes
Turn   | Place    | Note
-------+----------+-------------------------------------------
     0 | D        | mhtbhm the Minotaur Fighter began the quest for the Orb.
     0 | D        | Reached XP level 1. HP: 19/19 MP: 0/0
    15 | D        | Found a bloodstained altar of Trog.
    15 | D        | Found a shimmering blue altar of Sif Muna.
    15 | D        | Found a viscous altar of Jiyva.
    15 | D        | Found a hazy altar of Hepliaklqana.
    15 | D        | Found an opulent altar of Gozag.
    16 | D        | Found a glowing golden altar of the Shining One.
    16 | D        | Found a glowing silver altar of Zin.
    16 | D        | Found a basalt altar of Yredelemnul.
    16 | D        | Found a shimmering altar of Xom.
    16 | D        | Found an ornate altar of the Wu Jian Council.
    16 | D        | Found a sacrificial altar of Ru.
    16 | D        | Found a stormy altar of Qazlal.
    16 | D        | Found an iron altar of Okawaru.
    16 | D        | Found a sparkling altar of Nemelex Xobeh.
    16 | D        | Found a burning altar of Makhleb.
    16 | D        | Found a blossoming altar of Fedhas.
    16 | D        | Found a white marble altar of Elyvilon.
    16 | D        | Found a shadowy altar of Dithmenos.
    16 | D        | Found a snail-covered altar of Cheibriados.
    18 | D        | Found a radiant altar of Vehumet.
    18 | D        | Found a corrupted altar of Lugonu.
    18 | D        | Found a roughly hewn altar of Beogh.
    20 | D        | Became a worshipper of Trog the Wrathful
    60 | D        | Noticed a floating eye
    64 | D        | Paralysed by a floating eye for 3 turns
    68 | D        | Killed a floating eye
    68 | D        | Reached * piety under Trog
    69 | D        | Reached skill level 5 in Axes
    69 | D        | Reached XP level 2. HP: 34/34 MP: 1/1
    69 | D        | Reached XP level 3. HP: 39/39 MP: 2/2
    69 | D        | Reached XP level 4. HP: 47/47 MP: 3/3
   185 | D        | Reached ** piety under Trog
   186 | D        | Reached XP level 5. HP: 53/53 MP: 4/4
   190 | D        | Reached *** piety under Trog
   260 | D        | Reached **** piety under Trog
   316 | D        | Reached XP level 6. HP: 56/63 MP: 5/5
   322 | D        | Reached ***** piety under Trog
   325 | D        | Noticed a komodo dragon
   329 | D        | Killed a komodo dragon
   330 | D        | Reached skill level 10 in Fighting
   330 | D        | Reached skill level 10 in Axes
   330 | D        | Reached skill level 1 in Dodging
   330 | D        | Reached XP level 7. HP: 72/72 MP: 6/6
   375 | D        | Noticed Purgy
   378 | D        | Killed Purgy
   383 | D        | Received a gift from Trog
   484 | D        | Noticed a spriggan
   501 | D        | Reached skill level 10 in Armour
   503 | D        | Reached XP level 8. HP: 31/81 MP: 7/7
   507 | D        | Reached skill level 10 in Shields
   809 | D        | Found a hide-covered altar of Uskayaw.
   809 | D        | Found an ancient bone altar of Kikubaaqudgha.
   809 | D        | Found a broken altar of Ashenzari.
   836 | D        | Noticed a phantasmal warrior
   840 | D        | Reached ****** piety under Trog
   840 | D        | Received a gift from Trog
   848 | D        | Killed a phantasmal warrior
   988 | D        | Noticed a yaktaur
   993 | D        | Killed a yaktaur
   994 | D        | Reached XP level 9. HP: 90/90 MP: 8/8
  1050 | D        | Noticed a gargoyle
  1053 | D        | Noticed a cane toad
  1055 | D        | Killed a gargoyle
  1055 | D        | Received a gift from Trog
  1063 | D        | Killed a cane toad
  1064 | D        | Reached skill level 15 in Axes
  1194 | D        | Noticed a death yak
  1205 | D        | Killed a death yak
  1269 | D        | Noticed a skeletal warrior
  1269 | D        | Noticed a skeletal warrior
  1269 | D        | Noticed a skeletal warrior
  1269 | D        | Noticed a skeletal warrior
  1281 | D        | Killed a skeletal warrior
  1282 | D        | Reached XP level 10. HP: 100/100 MP: 9/9
  1292 | D        | Received a gift from Trog
  1293 | D        | Killed a skeletal warrior
  1294 | D        | Reached skill level 15 in Armour
  1298 | D        | Killed a skeletal warrior
  1301 | D        | Killed a skeletal warrior
  1556 | D        | Killed a shadow wraith
  1793 | D        | Received a gift from Trog
  1810 | D        | Reached XP level 11. HP: 102/110 MP: 10/10
  1821 | D        | Got a brightly glowing broad axe {god gift}
  1822 | D        | Identified the +9 broad axe of Dividends {vorpal, Int+2
                  | Dex+4} (Trog gifted it to you in the Dungeon)
  1943 | D        | Noticed a soul eater
  1944 | D        | Received a gift from Trog
  1968 | D        | Noticed Blork the orc
  1970 | D        | Noticed a swamp dragon
  1974 | D        | Paralysed by a floating eye for 3 turns
  1978 | D        | Killed Blork the orc
  1983 | D        | Received a gift from Trog
  1995 | D        | Noticed an orc high priest
  1996 | D        | Received a gift from Trog
  2001 | D        | Killed an orc high priest
  2017 | D        | Killed a swamp dragon
  2018 | D        | Reached skill level 15 in Fighting
  2018 | D        | Reached skill level 15 in Shields
  2325 | D        | Noticed a sun demon
  2325 | D        | Noticed a sea snake
  2325 | D        | Noticed a swamp dragon
  2332 | D        | Killed a sun demon
  2332 | D        | Received a gift from Trog
  2333 | D        | Killed a swamp dragon
  2337 | D        | Killed a sea snake
  2672 | D        | Noticed Eustachio
  2672 | D        | Noticed an emperor scorpion
  2672 | D        | Noticed Sonja
  2672 | D        | Noticed a flayed ghost
  2681 | D        | Killed Sonja
  2681 | D        | Received a gift from Trog
  2686 | D        | Reached skill level 1 in Stealth
  2688 | D        | Received a gift from Trog
  2691 | D        | Killed a flayed ghost
  2697 | D        | Killed an emperor scorpion
  2698 | D        | Received a gift from Trog
  2706 | D        | Killed Eustachio
  2707 | D        | Reached XP level 12. HP: 101/124 MP: 11/11
  2980 | D        | Noticed a spriggan air mage
  2980 | D        | Noticed a fire giant
  2980 | D        | Noticed a red draconian
  2980 | D        | Noticed Polyphemus
  2990 | D        | Killed a spriggan air mage
  2990 | D        | Received a gift from Trog
  2996 | D        | Killed a red draconian
  2997 | D        | Killed a fire giant
  2998 | D        | Received a gift from Trog
  3008 | D        | Killed Polyphemus
  3041 | D        | Got a transparent hand axe {god gift}
  3042 | D        | Identified the +4 hand axe of Megalomania {vorpal, +Fly
                  | rElec Will+} (Trog gifted it to you in the Dungeon)
  3226 | D        | Noticed an alligator snapping turtle
  3226 | D        | Noticed an alligator snapping turtle
  3229 | D        | Noticed Kirke
  3230 | D        | Noticed Frances
  3241 | D        | Killed an alligator snapping turtle
  3242 | D        | Killed Kirke
  3247 | D        | Received a gift from Trog
  3252 | D        | Killed Frances
  3253 | D        | Noticed a profane servitor
  3253 | D        | Noticed a centaur warrior
  3257 | D        | Killed a centaur warrior
  3258 | D        | Reached XP level 13. HP: 82/137 MP: 12/12
  3264 | D        | Killed a profane servitor
  3264 | D        | Received a gift from Trog
  3273 | D        | Received a gift from Trog
  3288 | D        | Received a gift from Trog
  3580 | D        | Got a transparent executioner's axe {god gift}
  3599 | D        | Identified the +3 executioner's axe "Geack" {vorpal, Will+
                  | Int+4 Stlth+} (Trog gifted it to you in the Dungeon)
  3664 | D        | Noticed a pearl dragon
  3672 | D        | Killed a pearl dragon
  3915 | D        | Noticed Qonobots the pandemonium lord
  3922 | D        | Noticed a blizzard demon
  3936 | D        | Killed Qonobots the pandemonium lord
  3937 | D        | Reached skill level 5 in Dodging
  4208 | D        | Noticed an electric golem
  4219 | D        | Killed an electric golem
  4573 | D        | Noticed Ilsuiw
  4573 | D        | Noticed a merfolk javelineer
  4573 | D        | Noticed a merfolk javelineer
  4574 | D        | Noticed an orc warlord
  4575 | D        | Noticed an orc warlord
  4576 | D        | Received a gift from Trog
  4582 | D        | Killed a merfolk javelineer
  4584 | D        | Killed a merfolk javelineer
  4585 | D        | Noticed a storm dragon
  4585 | D        | Killed Ilsuiw
  4593 | D        | Killed an orc warlord
  4593 | D        | Received a gift from Trog
  4594 | D        | Reached skill level 5 in Stealth
  4594 | D        | Killed an orc warlord
  4595 | D        | Reached XP level 14. HP: 136/151 MP: 13/13
  4599 | D        | Received a gift from Trog
  4609 | D        | Received a gift from Trog
  4612 | D        | Reached skill level 10 in Stealth
  4621 | D        | Killed a storm dragon
  4626 | D        | Received a gift from Trog
  5154 | D        | Got a faintly glowing double sword {god gift}
  5228 | D        | Identified the +10 double sword of the Grave {vorpal, Int+3
                  | Stlth+} (Trog gifted it to you in the Dungeon)
  5299 | D        | Noticed a deep elf master archer
  5299 | D        | Noticed a fire giant
  5299 | D        | Noticed a Hell Sentinel
  5299 | D        | Noticed an emperor scorpion
  5299 | D        | Noticed an acid blob
  5305 | D        | Killed an acid blob
  5314 | D        | Killed a Hell Sentinel
  5319 | D        | Killed a fire giant
  5319 | D        | Received a gift from Trog
  5343 | D        | Killed a deep elf master archer
  5702 | D        | Killed an emperor scorpion
  5702 | D        | Received a gift from Trog
  6060 | D        | Noticed an Ice Fiend
  6063 | D        | Killed an Ice Fiend
  6065 | D        | Noticed Mennas
  6078 | D        | Killed Mennas
  6079 | D        | Reached XP level 15. HP: 165/165 MP: 14/14
  6121 | D        | Noticed Fiotoyd the pandemonium lord
  6139 | D        | Killed Fiotoyd the pandemonium lord
  6204 | D        | Noticed a fire giant
  6210 | D        | Killed a fire giant
  6212 | D        | Noticed an orb of fire
  6215 | D        | Gained mutation: You are frail. (-10% HP) [an orb of fire]
  6218 | D        | Killed an orb of fire
  6218 | D        | Received a gift from Trog
  6221 | D        | Got a twisted war axe {god gift}
  6682 | D        | Noticed a quicksilver dragon
  6688 | D        | Killed a quicksilver dragon
  6752 | D        | Noticed a Brimstone Fiend
  6758 | D        | Killed a Brimstone Fiend
  6907 | D        | Noticed Eciq Zil the pandemonium lord
  6919 | D        | Killed Eciq Zil the pandemonium lord
  6920 | D        | Reached skill level 15 in Stealth
  7156 | D        | Noticed an electric golem
  7162 | D        | Killed an electric golem
  7162 | D        | Received a gift from Trog
  7167 | D        | Identified the +10 war axe of Katyn {vorpal, +Fly} (Trog
                  | gifted it to you in the Dungeon)
  7213 | D        | Noticed a quicksilver dragon
  7215 | D        | Killed a quicksilver dragon
  7217 | D        | Noticed an electric golem
  7250 | D        | Killed an electric golem
  7251 | D        | Reached skill level 10 in Dodging
  7445 | D        | Got the ring of Royalty {+Fly rC- Will+ Slay+3}
  7474 | D        | Noticed a pearl dragon
  7476 | D        | Killed a pearl dragon
  7518 | D        | Noticed a Brimstone Fiend
  7525 | D        | Killed a Brimstone Fiend
  7858 | D        | Noticed a Hell Sentinel
  7872 | D        | Killed a Hell Sentinel
  7933 | D        | Noticed an Ice Fiend
  7940 | D        | Killed an Ice Fiend
  7941 | D        | Reached XP level 16. HP: 162/162 MP: 15/15
  8010 | D        | Noticed a Brimstone Fiend
  8015 | D        | Killed a Brimstone Fiend
  8160 | D        | Received a gift from Trog
  8166 | D        | Noticed a tentacled monstrosity
  8171 | D        | Killed a tentacled monstrosity
  8184 | D        | Noticed an acid blob
  8186 | D        | Received a gift from Trog
  8187 | D        | Killed an acid blob
  8205 | D        | Noticed an electric golem
  8214 | D        | Killed an electric golem
  8252 | D        | Noticed a Tzitzimitl
  8252 | D        | Noticed a storm dragon
  8263 | D        | Killed a Tzitzimitl
  8266 | D        | Killed a storm dragon
  8508 | D        | Noticed an ancient lich
  8508 | D        | Noticed an orb of fire
  8511 | D        | Killed an ancient lich
  8512 | D        | Reached skill level 27 in Fighting
  8512 | D        | Reached skill level 27 in Axes
  8519 | D        | Killed an orb of fire
  8520 | D        | Reached skill level 27 in Shields
  8662 | D        | Noticed a Hell Sentinel
  8671 | D        | Killed a Hell Sentinel
  8672 | D        | Reached skill level 15 in Dodging
  8739 | D        | Noticed Puus Kas the pandemonium lord
  8739 | D        | Noticed a Tzitzimitl
  8739 | D        | Noticed Xtahua
  8747 | D        | Killed Xtahua
  8755 | D        | Killed Puus Kas the pandemonium lord
  8756 | D        | Received a gift from Trog
  8759 | D        | Noticed a Hell Sentinel
  8761 | D        | Killed a Tzitzimitl
  8775 | D        | Killed a Hell Sentinel
  8988 | D        | Got a masterwork broad axe {god gift}
  8989 | D        | Identified the +5 broad axe "Cypsom" {vorpal, *Corrode
                  | +Blink Dex+7 SInv} (Trog gifted it to you in the Dungeon)
  8998 | D        | Noticed a royal mummy
  8998 | D        | Noticed Ignacio
  9013 | D        | Killed Ignacio
  9014 | D        | Reached XP level 17. HP: 43/171 MP: 16/16
  9022 | D        | Killed a royal mummy
  9022 | D        | Received a gift from Trog
  9374 | D        | Noticed Orirev the pandemonium lord
  9386 | D        | Killed Orirev the pandemonium lord
  9387 | D        | Reached skill level 27 in Armour
  9619 | D        | Noticed Zobu the pandemonium lord
  9619 | D        | Noticed the 27-headed Lernaean hydra
  9619 | D        | Noticed a golden dragon
  9630 | D        | Noticed Jory
  9634 | D        | Killed the 27-headed Lernaean hydra
  9651 | D        | Gained mutation: You tend to lose your temper in combat. [a
                  | shining eye]
  9654 | D        | Gained mutation: You are partially covered in rugged brown
                  | scales. (AC +1, +3% HP) [a shining eye]
  9658 | D        | Killed a golden dragon
  9661 | D        | Killed from afar by Jory

Illustrated notes

Levels and vault maps discovered:
D:        pitsprint [storerooms_1, entrance_room_1, metal_vault_4, armoury_1,
          mini_pit_1, grid_room_1, main_hall_1, silver_pit, the_coven_1,
          the_vestibule_1, steel_vault_2, golden_pit, hallway_of_sentries,
          crystal_vault_1, iron_vault_1, final_vault]

Skill      XL: |  1  2  3  4  5  6  7  8  9 10 11 12 13 14 15 16 17 |
---------------+----------------------------------------------------+-----
Fighting       | 7 8 9 10 11 12 14 16 19 21 23 26 27 | 27.0
Armour         | 6 7 8 9 10 12 14 16 17 18 20 21 25 27 | 27.0
Shields        | 6 7 8 9 10 12 13 16 18 20 21 24 27 | 27.0
Axes           | 5 6 7 10 12 14 16 17 19 21 22 24 26 27 | 27.0
Dodging        | 1 2 3 6 7 11 20 24 | 24.4
Stealth        | 1 2 6 14 15 | 15.1

Action                   |  1- 3 |  4- 6 |  7- 9 | 10-12 | 13-15 | 16-18 || total
-------------------------+-------+-------+-------+-------+-------+-------++-------
Melee: Hand axe          |     8 |    33 |    61 |    55 |       |       ||   157
       Headbutt          |     1 |     8 |    15 |    63 |    73 |    47 ||   207
       War axe           |     1 |       |       |       |       |       ||     1
       Broad axe         |       |       |    11 |   134 |   241 |   130 ||   516
Invok: Berserk           |       |     3 |     4 |     5 |    14 |     9 ||    35
       Brothers in Arms  |       |       |       |       |     8 |     5 ||    13
       Trog's Hand       |       |       |       |       |     1 |     3 ||     4
  Use: Potion            |       |       |       |     2 |     9 |     9 ||    20
       Scroll            |       |       |       |       |     2 |       ||     2
 Stab: Distracted        |       |       |       |     1 |     1 |       ||     2
       Invisible         |       |       |       |       |    29 |       ||    29
       Sleeping          |       |       |       |       |     8 |     7 ||    15
Armor: Scale mail        |     1 |     4 |       |       |       |       ||     5
       Chain mail        |       |     3 |    25 |     9 |    41 |       ||    78
       Plate armour      |       |       |     8 |    87 |       |       ||    95
       Storm dragon scal |       |       |       |       |    48 |       ||    48
       Swamp dragon scal |       |       |       |       |     3 |    41 ||    44
Dodge: Dodged            |     1 |    11 |    20 |    65 |    84 |    68 ||   249
Block: Kite shield       |     1 |    10 |    46 |   135 |   117 |       ||   309
       Tower shield      |       |       |       |       |    75 |   138 ||   213

Table legend: (Time is in decaauts)
 A = Elapsed time spent in this place.
 B = Non-inter-level travel time spent in this place.
 C = Inter-level travel time spent in this place.
 D = Time resting spent in this place.
 E = Time spent auto-exploring this place.
 F = Levels seen in this place.
 G = Mean time per level.
                   A        B        C        D        E       F      G
               +--------+--------+--------+--------+--------+-----+--------+
         Total |   9785 |   9785 |      0 |   7402 |    112 |   1 | 9785.0 |
       Dungeon |   9785 |   9785 |      0 |   7402 |    112 |   1 | 9785.0 |
               +--------+--------+--------+--------+--------+-----+--------+

Top non-repeatable levels by time:
       D: 9785 daAuts
